Map: Automaton LE

Players

Smileblind

  • Race: Protoss Protoss
  • League: Silver
  • Spawn Location: 3:00

VOD

Have the link to the VOD?

Description

Time

  • Played on: Feb. 4, 2019, 11:35 a.m.
  • Length: 19:11
Show
View Real Time Build Order
Export as new Build Order

Smileblind Protoss 

Build Orders:  

Get SALT Encoding   

  12  0:05  Probe (Chrono Boost)  
  14  0:22  Probe (Chrono Boost)  
  14  0:34  Pylon  
  14  0:41  Assimilator  
  14  0:46  Assimilator  
  15  0:52  Probe (Chrono Boost)  
  15  1:08  Probe (Chrono Boost)  
  16  1:18  Gateway  
  16  1:19  Probe (Chrono Boost)  
  17  1:30  Probe (Chrono Boost)  
  18  1:45  Probe (Chrono Boost), Pylon  
  19  2:02  Probe (Chrono Boost)  
  20  2:10  Forge  
  20  2:19  Probe (Chrono Boost)  
  21  2:28  Cybernetics Core  
  21  2:32  Zealot  
  21  2:36  Probe (Chrono Boost), Protoss Ground Weapons Level 1  
  24  2:51  Probe (Chrono Boost)  
  24  2:53  Pylon  
  25  3:03  Probe (Chrono Boost)  
  26  3:16  Probe (Chrono Boost)  
  27  3:55  Nexus  
  27  4:08  Gateway  
  27  4:10  Zealot  
  29  4:25  Probe (Chrono Boost)  
  30  4:38  Gateway  
  30  4:41  Warp Gate  
  30  4:42  Probe (Chrono Boost)  
  31  4:51  Robotics Facility  
  31  4:59  Probe (Chrono Boost)  
  32  5:01  Pylon  
  32  5:16  Probe (Chrono Boost)  
  32  5:19  Twilight Council  
  33  5:30  Pylon  
  33  5:33  Probe (Chrono Boost)  
  33  5:37  Zealot  
  36  5:45  Probe (Chrono Boost)  
  37  5:57  Probe (Chrono Boost)  
  37  5:58  Probe (Chrono Boost)  
  38  6:08  Probe (Chrono Boost)  
  39  6:13  Warp Prism, Protoss Ground Weapons Level 2  
  39  6:14  Probe (Chrono Boost)  
  42  6:31  Probe (Chrono Boost)  
  42  6:35  Zealot  
  44  6:55  Probe x2 (Chrono Boost)  
  46  7:10  Charge  
  46  7:12  Probe x2 (Chrono Boost)  
  46  7:16  Nexus  
  48  7:24  Pylon  
  48  7:27  Pylon  
  48  7:29  Probe x2 (Chrono Boost)  
  50  7:39  Zealot x3  
  56  7:46  Probe (Chrono Boost)  
  57  7:54  Gateway  
  57  7:56  Gateway  
  57  7:58  Probe (Chrono Boost)  
  58  8:03  Probe (Chrono Boost)  
  59  8:15  Probe (Chrono Boost)  
  59  8:16  Zealot x2  
  59  8:17  Zealot  
  66  8:30  Gateway  
  66  8:33  Gateway  
  66  8:52  Zealot x3  
  72  9:02  Probe (Chrono Boost)  
  73  9:13  Probe (Chrono Boost)  
  73  9:18  Pylon  
  74  9:20  Zealot x3  
  74  9:21  Protoss Ground Weapons Level 3, Pylon  
  74  9:23  Sentry  
  74  9:24  Sentry  
  74  9:26  Pylon  
  74  9:27  Probe (Chrono Boost)  
  85  9:44  Probe (Chrono Boost)  
  86  9:50  Stalker x2  
  86  9:51  Stalker  
  86  9:58  Zealot x2  
  86  9:59  Zealot  
  99  10:00  Zealot  
  99  10:01  Probe (Chrono Boost)  
  101  10:17  Probe (Chrono Boost)  
  102  10:34  Probe (Chrono Boost)  
  102  10:35  Nexus  
  102  10:36  Zealot  
  102  10:37  Zealot  
  102  10:39  Pylon  
  107  10:41  Sentry x2  
  107  10:42  Pylon  
  107  10:47  Stalker  
  107  10:48  Pylon  
  114  10:50  Zealot  
  114  10:51  Probe (Chrono Boost), Zealot  
  114  10:52  Pylon  
  118  11:08  Probe (Chrono Boost)  
  119  11:18  Zealot x4  
  119  11:19  Zealot  
  87  12:07  Zealot  
  87  12:08  Zealot x4  
  87  12:09  Zealot x2  
  69  12:46  Zealot x4  
  69  12:47  Zealot x3  
  71  13:02  Gateway  
  71  13:05  Gateway  
  71  13:08  Gateway  
  71  13:11  Gateway  
  71  13:14  Protoss Ground Armor Level 1  
  71  13:15  Gateway, Zealot x3  
  71  13:16  Zealot x3  
  71  13:17  Zealot  
  71  13:19  Gateway  
  85  13:22  Pylon  
  85  13:23  Pylon  
  85  13:46  Zealot x5  
  85  13:47  Zealot x2  
  99  14:15  Zealot x3  
  99  14:16  Zealot x2  
  99  14:17  Zealot x2  
  69  15:03  Zealot x4  
  69  15:04  Zealot x3  
  69  15:05  Zealot x5  
  79  15:32  Zealot  
  79  15:33  Zealot x4  
  79  15:34  Zealot x5  
  69  15:50  Zealot  
  63  16:01  Zealot  
  63  16:02  Zealot x3  
  63  16:03  Zealot x4  
  63  16:04  Zealot x2  
  67  16:48  Zealot x2  
  67  16:49  Zealot x2  
  65  16:50  Zealot x3  
  71  17:02  Immortal  
  73  17:17  Zealot  
  73  17:18  Zealot  
  73  17:19  Zealot x2  
  81  17:20  Zealot x2  
  81  17:21  Zealot  
  67  17:46  Zealot x2  
  67  17:47  Zealot x2  
  67  17:48  Zealot x2  
  67  17:49  Zealot  
  75  17:57  Immortal  
  79  18:16  Sentry x3  
  79  18:18  Stalker  
  79  18:19  Stalker x2  
  87  18:20  Stalker  
  89  18:49  Zealot x2  
  87  18:50  Zealot  
  79  19:05  Zealot x2  
Tags
 
League
Silver
Matchup
Co-op
Add a new tag
Caveats
  • Supply blocks, unpowered buildings, or Contaminate may cause inaccurate times.
  • Supply counts are checked every 10 seconds.